 Dungeon Crawl Stone Soup version 0.20-a0-1089-g3fde505 (webtiles) character file.

107 Kidiri the Magician (level 4, -1/24 HPs)
             Began as a Deep Elf Fire Elementalist on May 2, 2017.
             Slain by a gnoll
             ... wielding a +0 club
              (9 damage)
             ... on level 1 of the Dungeon.
             The game lasted 00:11:03 (2278 turns).

Kidiri the Magician (Deep Elf Fire Elementalist)    Turns: 2278, Time: 00:11:04

Health: -1/24      AC:  2    Str:  5    XL:     4   Next: 57%
Magic:  13/13      EV: 13    Int: 23    God:
Gold:   37         SH:  0    Dex: 15    Spells: 4/13 levels left

rFire    . . .     SeeInvis .   d - +0 dagger
rCold    . . .     Gourm    .   (no shield)
rNeg     + . .     Faith    .   a - +0 robe
rPois    .         Spirit   .   (no helmet)
rElec    .         Reflect  .   (no cloak)
rCorr    .         Harm     .   (no gloves)
MR       .....                  (no boots)
Stlth    +.........             (no amulet)
Regen    0.1/turn               e - ring of positive energy
MPRegen  0.2/turn               l - +2 ring of intelligence

@: confused
A: no striking features
a: no special abilities


You were on level 1 of the Dungeon.
You were not hungry.

You visited 1 branch of the dungeon, and saw 2 of its levels.

You collected 37 gold pieces.

Inventory:

Hand Weapons
 d - a +0 dagger (weapon)
Armour
 a - a +0 robe (worn)
Jewellery
 e - a ring of positive energy (left hand)
 l - a +2 ring of intelligence (right hand)
Scrolls
 j - a scroll of identify
Potions
 h - a potion of agility
 n - a potion of degeneration {unknown}
Books
 b - a book of Flames

   Spells                             Type                      Level
   a - Flame Tongue                   Conjuration/Fire             1
   b - Throw Flame                    Conjuration/Fire             2
   c - Conjure Flame                  Conjuration/Fire             3
   d - Inner Flame                    Hexes/Fire                   3
   e - Sticky Flame                   Conjuration/Fire             4
   f - Fireball                       Conjuration/Fire             5
Comestibles
 c - 2 bread rations
 f - a meat ration
 i - a royal jelly
 p - 2 fruits


   Skills:
 - Level 2.4 Dodging
 - Level 2.4 Stealth
 * Level 5.1 Spellcasting
 + Level 2.8 Conjurations
 + Level 3.8 Fire Magic


You had 4 spell levels left.
You knew the following spells:

 Your Spells              Type           Power        Failure   Level  Hunger
a - Flame Tongue          Conj/Fire      ###..        2%          1    None
b - Throw Flame           Conj/Fire      ###...       3%          2    None
c - Conjure Flame         Conj/Fire      ###.....     7%          3    ##.....
d - Inner Flame           Hex/Fire       ##......     13%         3    ##.....


Dungeon Overview and Level Annotations

Branches:
Dungeon (2/15)

Altars:


Message History

Unknown command.
Okay, then.
Unknown command.
As you read the scroll labeled YRUTZU RYOCSA, it crumbles to dust.
You feel momentarily disoriented.
It was a scroll of magic mapping.
The gnoll closely misses you.
As you read the scroll labeled XAFUR VUNTOPU, it crumbles to dust.
It is a scroll of amnesia.
Forget which spell ([?*] list [ESC] exit)?
Forget which spell ([?*] list [ESC] exit)?
Okay, then.
The gnoll hits you but does no damage.
As you read the scroll labeled PAPTOE HEERATH, it crumbles to dust.
It is a scroll of identify.
h - a potion of agility The gnoll barely misses you.
It was a potion of ambrosia.
You are confused.
You feel invigorated. The gnoll hits you with a club!
You die...

#......####.####.#.#.....
#..##....##........#....#
#..##..#.#####.#.###.##.#
##.......# ###.#.#.#.....
######### #...#.#.######
#.#.#.........
#.#...........
#########.###.#)######
#...g@........#.#
#.#######.#####.# #.# #.#
#.# #.# #.# #.# ###'###
#.#####.# #.....#
#.##....#
##.....#####.##....#
#......'.....##....#
#......###########.#


You could see a gnoll.

Vanquished Creatures
  2 gnolls (D:2)
  3 adders (D:2)
  2 worms (D:2)
  A leopard gecko (D:1)
  A ball python (D:1)
  7 bats
  A giant cockroach (D:2)
  10 goblins
  4 hobgoblins (D:1)
  5 jackals
  3 quokkas (D:2)
  4 frilled lizards
  4 kobolds (D:1)
  9 rats
56 creatures vanquished.

Notes
Turn   | Place    | Note
-------+----------+-------------------------------------------
     0 | D:1      | Kidiri the Deep Elf Fire Elementalist began the quest for the Orb.
     0 | D:1      | Reached XP level 1. HP: 10/10 MP: 6/6
    60 | D:1      | Reached XP level 2. HP: 11/15 MP: 0/8
    68 | D:1      | Learned a level 2 spell: Throw Flame
   574 | D:1      | Reached skill level 4 in Spellcasting
   717 | D:1      | Reached XP level 3. HP: 19/19 MP: 6/10
   722 | D:1      | Learned a level 3 spell: Conjure Flame
   726 | D:1      | Learned a level 3 spell: Inner Flame
  1830 | D:2      | Reached XP level 4. HP: 24/24 MP: 3/12
  2070 | D:2      | Reached skill level 5 in Spellcasting
  2278 | D:1      | Slain by a gnoll

Vault maps used:
D:1:      erik_arrival_triangle_large
D:2:      minmay_misc_feat_roman, minivault_25

Skill      XL: |  1  2  3  4 |
---------------+-------------+-----
Spellcasting   | 4 5 |  5.1
Conjurations   | 2 |  2.8
Dodging        | |  2.4
Stealth        | |  2.4
Fire Magic     | |  3.8

Action                   |  1- 3 |  4- 6 || total
-------------------------+-------+-------++-------
Melee: Spear             |    10 |       ||    10
       Dagger            |    14 |    11 ||    25
 Cast: Flame Tongue      |    72 |    26 ||    98
       Throw Flame       |     1 |     1 ||     2
       Conjure Flame     |       |     5 ||     5
       Inner Flame       |       |     1 ||     1
  Use: Scroll            |       |     3 ||     3
       Potion            |       |     1 ||     1
 Stab: Sleeping          |     6 |     1 ||     7
  Eat: Chunk             |     3 |     1 ||     4
Armor: Robe              |    17 |     1 ||    18
Dodge: Dodged            |    53 |    10 ||    63
